Map: Tourmaline LE

Players

delorean - Winner!

  • Race: Zerg Zerg
  • League: Diamond
  • Spawn Location: 7:00

HoldTheDoor

  • Race: Protoss Protoss
  • League: Diamond
  • Spawn Location: 1:00

VOD

Have the link to the VOD?

Description

Time

  • Played on: May 3, 2026, 12:22 p.m.
  • Length: 11:11
Show
View Real Time Build Order
Export as new Build Order

delorean Zerg - Winner!

Build Orders: 3 Hatch before Pool, Roach Hydra 

Get SALT Encoding   

  12  0:00  Drone  
  13  0:14  Overlord  
  13  0:17  Drone  
  14  0:32  Drone x2  
  16  0:46  Hatchery  
  16  0:52  Hatchery  
  16  0:55  Drone  
  16  0:59  Drone  
  17  1:06  Drone  
  18  1:12  Extractor  
  17  1:19  Spawning Pool  
  17  1:21  Drone  
  17  1:24  Drone  
  18  1:30  Drone  
  19  1:40  Overlord  
  19  1:53  Drone  
  20  2:06  Queen  
  20  2:07  Queen  
  20  2:08  Zergling x4  
  26  2:18  Metabolic Boost  
  26  2:20  Drone x2  
  28  2:27  Drone  
  28  2:28  Drone  
  30  2:42  Hatchery  
  29  2:47  Overlord  
  29  2:58  Overlord  
  29  3:09  Drone x3  
  29  3:10  Queen  
  34  3:13  Drone x2  
  36  3:20  Drone x3  
  36  3:21  Drone  
  40  3:27  Overlord  
  40  3:29  Drone  
  40  3:30  Drone  
  40  3:33  Drone  
  43  3:34  Drone  
  44  3:52  Zergling x16  
  52  3:57  Queen  
  52  3:58  Overlord  
  54  4:05  Roach Warren  
  54  4:08  Lair  
  53  4:10  Drone  
  53  4:11  Drone  
  53  4:15  Drone x2  
  53  4:16  Drone  
  58  4:19  Drone  
  58  4:20  Drone  
  58  4:22  Drone  
  58  4:23  Drone  
  62  4:24  Drone  
  62  4:28  Drone x2  
  65  4:31  Overlord  
  65  4:41  Overlord x2  
  64  4:50  Roach  
  64  4:51  Roach x3  
  72  5:01  Spore Crawler  
  72  5:05  Overseer  
  71  5:20  Zergling x20  
  81  5:27  Hatchery  
  80  5:35  Extractor, Overlord  
  79  5:36  Overlord  
  79  5:42  Glial Reconstitution, Extractor  
  78  5:45  Drone x3, Extractor  
  78  5:48  Queen  
  78  5:49  Hatchery  
  81  5:50  Drone x2  
  83  6:14  Drone x4  
  83  6:15  Drone  
  85  6:24  Queen  
  87  6:31  Extractor  
  87  6:41  Hatchery  
  86  6:48  Spire, Hydralisk Den  
  83  7:17  Drone x15  
  83  7:21  Grooved Spines  
  98  7:29  Overlord x3, Spore Crawler  
  97  7:37  Hydralisk x3  
  97  7:38  Hydralisk  
  97  7:41  Overlord x3  
  105  7:49  Spine Crawler  
  104  7:52  Spine Crawler x2  
  104  7:55  Zerg Flyer Weapons Level 1  
  104  7:58  Drone x7  
  108  8:05  Extractor  
  108  8:09  Extractor  
  108  8:11  Muscular Augments  
  107  8:15  Drone  
  107  8:16  Drone x2, Evolution Chamber  
  107  8:17  Hydralisk x6  
  107  8:18  Evolution Chamber  
  120  8:22  Drone x4  
  120  8:25  Drone x2  
  126  8:30  Spine Crawler  
  126  8:32  Spine Crawler, Hydralisk x4  
  132  8:36  Spine Crawler  
  131  8:47  Spine Crawler  
  130  8:48  Spine Crawler  
  130  8:51  Zerg Missile Weapons Level 1, Zerg Ground Armor Level 1  
  130  8:53  Roach x5  
  130  8:54  Roach  
  141  8:56  Overlord  
  141  8:58  Overlord  
  141  9:00  Overlord  
  141  9:09  Overlord x3  
  141  9:11  Drone x2  
  143  9:20  Overlord x2  
  143  9:36  Overlord x2  
  143  9:38  Hydralisk x9  
  159  10:01  Mutalisk x7  
  169  10:08  Mutalisk  
  169  10:10  Zergling x2  
  169  10:11  Zergling x16  
  172  10:25  Roach x7  
  148  10:33  Mutalisk  
  148  10:34  Mutalisk  
  125  10:35  Mutalisk  
  113  10:52  Zergling x2  
  113  10:53  Zergling x12  
Show
View Real Time Build Order
Export as new Build Order

HoldTheDoor Protoss 

Build Orders: 1 Gate Expand, Archon Immortal, Archon Drop, Dark Templar Rush 

Get SALT Encoding   

  12  0:00  Probe  
  13  0:12  Probe  
  14  0:19  Pylon  
  14  0:24  Probe  
  15  0:33  Probe  
  15  0:39  Gateway  
  15  0:41  Probe  
  16  0:48  Assimilator  
  17  0:52  Probe  
  18  1:04  Probe  
  19  1:23  Nexus  
  19  1:31  Cybernetics Core  
  19  1:41  Probe  
  19  1:42  Assimilator  
  19  1:46  Pylon  
  20  1:53  Probe  
  21  1:59  Stalker  
  21  2:06  Probe  
  22  2:11  Warp Gate  
  24  2:18  Probe  
  25  2:27  Gateway  
  25  2:30  Probe  
  27  2:37  Probe  
  27  2:42  Probe  
  28  2:46  Twilight Council  
  28  2:49  Probe  
  29  2:51  Adept  
  29  2:54  Probe  
  32  3:01  Probe  
  33  3:06  Probe  
  33  3:08  Robotics Facility  
  34  3:14  Probe  
  34  3:18  Probe  
  34  3:19  Assimilator  
  36  3:26  Probe, Dark Shrine  
  37  3:32  Pylon  
  37  3:35  Probe  
  37  3:37  Pylon  
  37  3:38  Probe  
  39  3:47  Probe  
  39  3:48  Warp Prism  
  40  3:49  Gateway  
  40  3:50  Probe  
  43  4:09  Probe  
  44  4:14  Pylon  
  44  4:16  Gateway  
  44  4:18  Forge  
  44  4:19  Probe  
  45  4:28  Adept x2  
  47  4:34  Shield Battery  
  47  4:40  Probe x2  
  49  4:48  Dark Templar x3  
  55  5:12  Dark Templar  
  57  5:17  Probe x2  
  59  5:22  Dark Templar x2  
  63  5:39  Immortal, Archon  
  63  5:40  Charge  
  63  5:41  Archon  
  63  5:44  Probe x2  
  63  5:46  Protoss Ground Weapons Level 1  
  69  6:00  Probe  
  70  6:05  Probe  
  70  6:18  Zealot x2  
  70  6:33  Pylon  
  70  6:34  Pylon  
  70  6:51  Probe x2, Immortal  
  76  7:03  Probe x2  
  78  7:15  Probe x2  
  78  7:17  Zealot x3  
  86  7:33  Pylon  
  86  7:36  Pylon  
  86  7:37  Pylon  
  86  7:40  Pylon  
  86  7:41  Protoss Ground Armor Level 1, Pylon  
  86  7:51  Probe x2, Immortal  
  92  7:52  Nexus  
  92  7:54  Pylon  
  92  7:56  Pylon  
  92  7:57  Zealot x4  
  100  7:59  Pylon  
  100  8:02  Pylon  
  100  8:03  Probe  
  101  8:07  Gateway  
  101  8:08  Gateway  
  101  8:09  Gateway  
  101  8:10  Gateway  
  101  8:15  Gateway  
  101  8:16  Gateway  
  101  8:18  Gateway  
  101  8:20  Probe  
  101  8:21  Gateway, Probe  
  101  8:24  Pylon x2  
  103  8:27  Pylon  
  103  8:31  Gateway  
  103  8:32  Gateway  
  103  8:35  Gateway  
  103  8:36  Gateway  
  103  8:37  Zealot x4  
  111  8:44  Photon Cannon  
  111  8:46  Photon Cannon  
  111  8:50  Photon Cannon  
  111  9:03  Zealot  
  111  9:04  Zealot x6  
  111  9:07  Probe x2  
  127  9:22  Assimilator  
  127  9:25  Photon Cannon x2  
  127  9:30  Dark Templar  
  127  9:31  Dark Templar x2  
  133  9:33  Dark Templar  
  133  9:35  Archon  
  133  9:37  Archon  
  135  9:40  Immortal  
  135  9:45  Photon Cannon  
  139  9:50  Photon Cannon  
  139  9:55  Shield Battery  
  139  10:02  Zealot x3  
  139  10:03  Zealot x2  
  149  10:19  Zealot  
  149  10:20  Immortal  
  143  10:26  Zealot x5  
  143  10:27  Zealot x2  
  103  10:38  Stalker x3  
  103  10:39  Stalker  
  91  10:49  Zealot x4  
  91  10:57  Stalker x3  
Tags
 
Add a new tag
Caveats
  • Supply blocks, unpowered buildings, or Contaminate may cause inaccurate times.
  • Supply counts are checked every 10 seconds.